Kradschützen Motorcycle Team
Selects Armored Support Battlegroup
Selects Armored Support Battlegroup
Construct Light Support Kompanie
Panzerjäger Mechanized Group
le.IG 18 Support Gun Team
Construct Mechanized Kompanie
Selects Flammpanzer III Medium Tank
Flammpanzer III Medium Tank
254 Reconnaissance Tractor
Construct Panzerarmee Kommand
Walking Stuka Rocket Launcher
Selects Command Panzer IV F Medium Tank
Panzerjäger Mechanized Group
Selects Stuka Anti-tank Loiter
Pak 38 Anti-tank Gun Team
Pak 38 Anti-tank Gun Team